 Dungeon Crawl Stone Soup version 0.26-a0-1181-gd376ed14c5 (webtiles) character file.

Game seed: 10603838141889526275

49 jonathon0712 the Skirmisher (level 3, -1/26 (30) HPs)
             Began as a Demonspawn Berserker on Dec 25, 2020.
             Was a Believer of Trog.
             Slain by a wight
             ... wielding a +0 flail
              (4 damage)
             ... on level 2 of the Dungeon.
             The game lasted 00:05:43 (1115 turns).

jonathon0712 the Skirmisher (Demonspawn Berserker)  Turns: 1115, Time: 00:05:43

HP:   -1/26 (30)    AC:  8    Str: 18    XL:     3   Next: 51%
MP:   3/3           EV: 12    Int:  8    God:    Trog [**....]
Gold: 66            SH:  0    Dex: 12    Spells: 2/2 levels left

rFire    . . .     SeeInvis .   f - +2 whip (drain)
rCold    . . .     Faith    .   (no shield)
rNeg     . . .     Spirit   .   b - +0 animal skin
rPois    .         Reflect  .   (no helmet)
rElec    .         Harm     .   (no cloak)
rCorr    .         Rampage  .   (no gloves)
Will     .....                  (no boots)
Stlth    ++........             (no amulet)
HPRegen  0.08/turn              (no ring)
MPRegen  0.08/turn              (no ring)

@: sanguine armour, heavily drained
A: sanguine armour 1
a: Renounce Religion, Berserk, Trog's Hand


You were on level 2 of the Dungeon.
You worshipped Trog.
Trog was pleased with you.
You visited 1 branch of the dungeon, and saw 2 of its levels.

You collected 66 gold pieces.

Inventory:

Hand Weapons
 a - a +0 falchion
 f - a +2 whip of draining (weapon)
 g - a cursed -1 short sword
Armour
 b - a +0 animal skin (worn)
Jewellery
 d - an uncursed ring of stealth {unknown}
Scrolls
 c - 2 scrolls of teleportation {unknown}
Potions
 e - a potion of flight {unknown}


   Skills:
 + Level 3.6 Fighting
 + Level 3.2 Long Blades
 + Level 0.2 Maces & Flails
 + Level 1.8 Armour
 + Level 1.9 Dodging
 + Level 1.0 Stealth


You had 2 spell levels left.
You didn't know any spells.
Your spell library was empty.

Dungeon Overview and Level Annotations

Branches:
Dungeon (2/15)

Altars:


Innate Abilities, Weirdness & Mutations

When seriously injured, your bleeding wounds create armour. (AC +6)


Message History

You barely miss the wight.
The wight is moderately damaged.
The jackal barks!
The wight closely misses you. The jackal barely misses you.
The jackal closely misses you.
Unknown command.
You closely miss the jackal.
The jackal bites you but does no damage. x2
The wight closely misses you. The jackal bites you.
You closely miss the jackal. The jackal barely misses you.
The jackal bites you.
The jackal bites you but does no damage.
The jackal closely misses you.
A jackal comes into view.
The wight hits you with a cursed +0 mace!
* * * LOW HITPOINT WARNING * * *
You feel drained.
* * * LOW HITPOINT WARNING * * *
The wight hits you with a +0 flail.
You die...

######## .##
#).†÷<.# ...
#..)...# #.# #
#......# #.# .#
#<.....# #.# .
#..>...# #.#.#
#......# ##z#.##.#
###.######@z.....#
#.....[hhh#.####
########....#
##.#.# #.#.# .h. #
#.## #.# ...


You could see 2 wights and 4 jackals.

Vanquished Creatures
  An adder (D:2)
  An ooze (D:1)
  3 leopard geckos (D:1)
  4 giant cockroaches (D:1)
  3 goblins
  5 hobgoblins (D:1)
  2 kobolds (D:1)
  6 bats
  A frilled lizard (D:1)
  5 rats
31 creatures vanquished.

Notes
Turn   | Place    | Note
-------+----------+-------------------------------------------
     0 | D:1      | jonathon0712 the Demonspawn Berserker began the quest for
                  | the Orb.
     0 | D:1      | Reached XP level 1. HP: 18/18 MP: 1/1
   198 | D:1      | Gained mutation: When seriously injured, your bleeding
                  | wounds create armour. (AC +6) [demonic ancestry]
   198 | D:1      | Reached XP level 2. HP: 22/24 MP: 2/2
   468 | D:1      | Reached XP level 3. HP: 14/29 MP: 3/3
   751 | D:1      | Reached ** piety under Trog
   889 | D:2      | Reached skill level 1 in Stealth
  1115 | D:2      | Slain by a wight

Illustrated notes

Levels and vault maps discovered:
D:1:      kilobyte_arrival_exit_the_forest, layout_basic, minmay_domino_4
D:2:      layout_loops_cross

Skill      XL: |  1  2  3 |
---------------+----------+-----
Long Blades    | 3 |  3.2
Stealth        | 1 |  1.0
Fighting       | |  3.6
Maces & Flails | |  0.2
Armour         | |  1.8
Dodging        | |  1.9

Action                   || total
-------------------------++-------
Melee: Falchion          ||    35
       Whip              ||    41
Invok: Berserk           ||     1
 Stab: Sleeping          ||     1
Armor: Animal skin       ||    24
Dodge: Dodged            ||    83
       Rpst.: Falchion   ||    20

Table legend: (Time is in decaauts)
 A = Elapsed time spent in this place.
 B = Non-inter-level travel time spent in this place.
 C = Inter-level travel time spent in this place.
 D = Time resting spent in this place.
 E = Time spent auto-exploring this place.
 F = Levels seen in this place.
 G = Mean time per level.
                   A        B        C        D        E       F      G
               +--------+--------+--------+--------+--------+-----+--------+
         Total |   1129 |   1129 |      0 |    335 |    414 |   2 |  564.5 |
       Dungeon |   1129 |   1129 |      0 |    335 |    414 |   2 |  564.5 |
               +--------+--------+--------+--------+--------+-----+--------+

Top non-repeatable levels by time:
     D:1: 891 daAuts
     D:2: 237 daAuts
